 Dungeon Crawl Stone Soup version 0.19.0-22-gd96e5fe (webtiles) character file.

3642 GlenndL the Cleaver (level 10, -2/60 HPs)
             Began as a Gargoyle Fighter on Nov 19, 2016.
             Was a Priest of Makhleb.
             Slain by a komodo dragon (10 damage)
             ... on level 8 of the Dungeon.
             The game lasted 00:31:55 (6928 turns).

GlenndL the Cleaver (Gargoyle Fighter)              Turns: 6928, Time: 00:31:55

Health: -2/60      AC: 22    Str: 24    XL:     10   Next: 12%
Magic:  12/12      EV:  9    Int: 13    God:    Makhleb [***...]
Gold:   421        SH: 15    Dex:  9    Spells: 0 memorised, 9 levels left

rFire  . . .     SeeInvis +     a - +1 war axe
rCold  . . .     Gourm    .     b - +0 scale mail
rNeg   + . .     Faith    .     c - +0 shield
rPois  ∞         Spirit   .     e - +1 helmet
rElec  +         Reflect  +     x - +2 cloak of the Thief {+Fog Slay-2 SInv Stlth+}
rCorr  .         Harm     .     C - +0 pair of gloves
MR     .....                    l - +0 pair of boots
Stlth  +.........               g - +4 amulet of reflection
                                (no ring)
                                m - +5 ring of intelligence

@: no status effects
A: negative energy resistance 1, electricity resistance, unbreathing,
petrification resistance, rot immunity, AC +7
a: Minor Destruction, Lesser Servant of Makhleb, Renounce Religion, Evoke Fog


You were on level 8 of the Dungeon.
You worshipped Makhleb.
Makhleb was most pleased with you.
You were not hungry.

You visited 1 branch of the dungeon, and saw 8 of its levels.
You also visited: Sewer.

You collected 421 gold pieces.

Inventory:

Hand Weapons
 a - a +1 war axe (weapon)
 y - a +2 flail of holy wrath
 D - a +0 flail of protection
 E - a cursed +2 battleaxe of electrocution
 I - a +1 halberd
Armour
 b - a +0 scale mail (worn)
 c - a +0 shield (worn)
 e - a +1 helmet (worn)
 l - a +0 pair of boots (worn)
 x - the +2 cloak of the Thief (worn) {+Fog Slay-2 SInv Stlth+}
   (You found it on level 7 of the Dungeon)

   It affects your accuracy and damage with ranged weapons and melee attacks
   (-2).
   It lets you see invisible.
   It can be evoked to emit clouds of fog.
   It makes you more stealthy.
 C - a +0 pair of gloves (worn)
 H - a +0 cloak
Jewellery
 g - a +4 amulet of reflection (around neck)
 k - an uncursed ring of flight
 m - a +5 ring of intelligence (left hand)
 B - an uncursed ring of positive energy {unknown}
Wands
 d - a wand of paralysis (5/24)
 A - a wand of lightning (0/15)
 J - a wand of flame (24/48)
Scrolls
 f - 2 scrolls of enchant armour {unknown}
 j - a scroll of recharging
 n - 2 scrolls of enchant weapon
 p - 4 scrolls of magic mapping
 u - 3 scrolls of identify
 z - a scroll of fog
 F - 3 scrolls of remove curse
Potions
 i - a potion of cancellation
 o - 2 potions of lignification {unknown}
 q - 3 potions of resistance {unknown}
 r - 2 potions of magic {unknown}
 s - 5 potions of brilliance {unknown}
 v - a potion of agility {unknown}
 w - 6 potions of heal wounds {unknown}
Comestibles
 h - 4 meat rations
 t - 2 beef jerkies
 G - 3 fruits
 K - a royal jelly


   Skills:
 + Level 6.0 Fighting
 + Level 9.1 Axes
 + Level 5.8 Armour
 + Level 2.7 Dodging
 + Level 0.2 Stealth
 + Level 7.9 Shields
 + Level 2.9 Invocations
 + Level 1.1 Evocations


You had 9 spell levels left.
You didn't know any spells.

Dungeon Overview and Level Annotations

Branches:
Dungeon (8/15)             Temple (0/1) D:7
   Lair: D:8-11

Altars:
Ashenzari
Cheibriados
Fedhas
Gozag
Makhleb
Nemelex Xobeh
Okawaru
Uskayaw
The Shining One

Shops:
D:4 =   D:6 =


Innate Abilities, Weirdness & Mutations

You are resistant to torment.
Your stone body is resilient. (AC +7)
You are immune to poison.
You resist negative energy. (rN+)
You are resistant to electric shocks. (rElec)
You can survive without breathing.
You are immune to petrification.
You are immune to rotting.


Message History

You hit the komodo dragon.
The komodo dragon is severely wounded.
You block the komodo dragon's attack.
You slash the komodo dragon!
The komodo dragon is almost dead.
The komodo dragon bites you.
You barely miss the komodo dragon.
The komodo dragon is almost dead.
The komodo dragon bites you!
* * * LOW HITPOINT WARNING * * *
You are too injured to fight recklessly!
You are too injured to fight recklessly!
You swap places.
The komodo dragon bites your ynoxinul!!
Your ynoxinul dies!
Your ufetubus disappears in a puff of smoke! x2
It was a potion of cancellation.
You feel magically purged.
A demon appears!
It doesn't seem very happy.
The komodo dragon bites you!
You die...

. ...# #3# #
#..# #5# #..#
###########.#
....
.........53.#
#####
######.#####
#.# #§# #3#
#@# #l# #c#
#o#


#oo .o. .... ...P .PPP.P You could see a komodo dragon, a neqoxec, a centaur, an
orc wizard (invisible) and 3 orcs.

Vanquished Creatures
  Grinder (D:4)
  Eustachio (D:4)
  Edmund (D:4)
  Menkaure (D:6)
  2 orc warriors
  A sky beast (D:6)
  2 phantoms
  An ice beast (D:6)
  3 centaurs
  4 ogres
  A big kobold (D:8)
  4 bullfrogs
  A gnoll sergeant (D:7)
  A scorpion (D:4)
  8 wights (D:7)
  2 quasits (D:7)
  3 jellies
  4 orc priests
  2 hounds (D:7)
  An iguana (D:5)
  4 orc wizards
  3 worker ants (D:4)
  2 worker ant zombies
  Robin (D:4)
  13 gnolls
  12 adders
  2 shadow imps
  An adder zombie (D:5)
  2 adder skeletons (D:6)
  3 worms
  4 dart slugs
  2 leopard geckos
  18 orcs
  5 bats
  3 giant cockroaches
  20 goblins
  11 hobgoblins
  26 jackals
  4 quokkas
  5 ball pythons (Sewer)
  4 frilled lizards
  10 kobolds
  3 quokka skeletons
  13 rats
  A plant (Sewer)
216 creatures vanquished.

Vanquished Creatures (collateral kills)
  An ogre (D:8)
  A gnoll sergeant (D:8)
  A howler monkey (D:8)
  2 crimson imps (D:8)
  A worker ant (D:8)
  A hound zombie (D:8)
  2 gnolls (D:8)
  An orc (D:8)
10 creatures vanquished.

Vanquished Creatures (others)
  An orc wizard (D:4)
  An orc (D:4)
  2 plants (D:8)
4 creatures vanquished.

Grand Total: 230 creatures vanquished

Notes
Turn   | Place    | Note
-------+----------+-------------------------------------------
     0 | D:1      | GlenndL the Gargoyle Fighter began the quest for the Orb.
     0 | D:1      | Reached XP level 1. HP: 14/14 MP: 1/1
   138 | D:1      | Reached XP level 2. HP: 18/19 MP: 2/2
   655 | D:1      | Reached skill level 2 in Axes
   789 | D:2      | Reached XP level 3. HP: 22/23 MP: 3/3
  1038 | D:2      | Reached XP level 4. HP: 29/29 MP: 4/4
  1065 | D:2      | Reached skill level 1 in Dodging
  1086 | D:2      | Reached skill level 3 in Axes
  1090 | D:2      | Reached XP level 5. HP: 5/33 MP: 5/5
  2021 | D:3      | Found a blossoming altar of Fedhas.
  2064 | D:3      | Found a burning altar of Makhleb.
  2065 | D:3      | Found an iron altar of Okawaru.
  2237 | D:3      | Became a worshipper of Makhleb the Destroyer
  2324 | D:4      | Found Edusmash's Jewellery Shoppe.
  2389 | D:4      | Noticed Edmund
  2403 | D:4      | Killed Edmund
  2403 | D:4      | Reached skill level 4 in Axes
  2403 | D:4      | Reached XP level 6. HP: 32/38 MP: 6/6
  2605 | D:4      | Found a glowing drain.
  2615 | D:4      | Reached XP level 7. HP: 38/43 MP: 7/7
  2617 | Sewer    | Entered a sewer
  2966 | Sewer    | Reached * piety under Makhleb
  3589 | D:4      | Reached skill level 5 in Axes
  3591 | D:4      | Noticed Eustachio
  3602 | D:4      | Reached skill level 5 in Shields
  3613 | D:4      | Killed Eustachio
  3613 | D:4      | Reached skill level 5 in Armour
  3627 | D:4      | Noticed Grinder
  3640 | D:4      | Paralysed by Grinder for 4 turns
  3648 | D:4      | Noticed Robin
  3675 | D:4      | Reached XP level 8. HP: 33/48 MP: 8/8
  3685 | D:4      | Killed Grinder
  3685 | D:4      | Reached skill level 6 in Axes
  3688 | D:4      | Killed Robin
  4319 | D:5      | Entered Level 5 of the Dungeon
  4369 | D:5      | Reached ** piety under Makhleb
  4395 | D:4      | Reached skill level 5 in Fighting
  4429 | D:5      | Found a sparkling altar of Nemelex Xobeh.
  4479 | D:5      | Found a shattered altar of Ashenzari.
  4778 | D:5      | Reached skill level 7 in Axes
  4921 | D:6      | Reached XP level 9. HP: 54/54 MP: 9/9
  5149 | D:6      | Found Legazxep's Jewellery Emporium.
  5316 | D:6      | Noticed Menkaure
  5324 | D:6      | Killed Menkaure
  5324 | D:6      | Reached skill level 1 in Invocations
  5682 | D:6      | Reached skill level 8 in Axes
  6026 | D:7      | Found a hide-covered altar of Uskayaw.
  6026 | D:7      | Found a snail-covered altar of Cheibriados.
  6028 | D:7      | Found a glowing golden altar of the Shining One.
  6054 | D:7      | Found an opulent altar of Gozag.
  6255 | D:7      | Reached *** piety under Makhleb
  6419 | D:7      | Reached skill level 1 in Evocations
  6419 | D:7      | Reached XP level 10. HP: 60/60 MP: 11/11
  6734 | D:7      | Found a staircase to the Ecumenical Temple.
  6802 | D:8      | Reached skill level 9 in Axes
  6928 | D:8      | Slain by a komodo dragon

Skill      XL: |  1  2  3  4  5  6  7  8  9 10 |
---------------+-------------------------------+-----
Axes           | 2 3 4 5 7 8 9 |  9.1
Dodging        | 1 2 |  2.7
Shields        | 4 5 6 7 |  7.9
Fighting       | 4 5 6 |  6.0
Armour         | 4 5 |  5.8
Invocations    | 2 |  2.9
Evocations     | 1 |  1.1
Stealth        | |  0.2

Action                   |  1- 3 |  4- 6 |  7- 9 | 10-12 || total
-------------------------+-------+-------+-------+-------++-------
Melee: War axe           |   129 |   201 |   568 |    69 ||   967
Invok: Minor Destruction |       |       |    19 |       ||    19
       Lesser Servant of |       |       |       |     4 ||     4
Evoke: Wand              |       |       |     8 |     1 ||     9
  Use: Potion            |       |     3 |     3 |     1 ||     7
       Scroll            |       |       |    14 |       ||    14
  Eat: Bread ration      |       |     1 |     2 |       ||     3
       Royal jelly       |       |     1 |     1 |       ||     2
       Fruit             |       |       |     3 |       ||     3
       Meat ration       |       |       |     1 |       ||     1
       Pizza             |       |       |     1 |       ||     1
Armor: Scale mail        |    93 |   108 |   288 |    30 ||   519
Dodge: Dodged            |    43 |    72 |   209 |    25 ||   349
Block: Shield            |    84 |   117 |   355 |    64 ||   620
       Reflection        |       |       |     3 |       ||     3
